Map: Ruins of Seras

Players

FireCake

  • Race: Zerg Zerg
  • League: Diamond

PartinG - Winner!

  • Race: Protoss Protoss
  • League: Platinum

Event: DreamHack ROCCAT LotV Championship

VOD

Have the link to the VOD?

Description

Time

  • Played on: Nov. 28, 2015, 1:02 p.m.
  • Length: 9:16

All games in this series

Show
View Real Time Build Order
Export as new Build Order

FireCake Zerg 

Build Orders: 3 Hatch before Pool 

Get SALT Encoding   

  12  0:00  Drone  
  13  0:09  Drone  
  14  0:17  Overlord  
  14  0:23  Drone, Extractor  
  15  0:35  Drone x2  
  17  0:43  Drone  
  18  0:56  Hatchery  
  17  1:00  Drone  
  18  1:07  Drone  
  19  1:23  Hatchery  
  19  1:25  Drone  
  19  1:29  Extractor  
  19  1:30  Drone  
  20  1:40  Drone  
  20  1:45  Spawning Pool  
  19  1:49  Drone  
  20  1:59  Drone  
  21  2:12  Hatchery  
  20  2:15  Drone  
  20  2:19  Drone  
  22  2:23  Drone  
  23  2:31  Metabolic Boost  
  23  2:33  Drone  
  24  2:37  Zergling x2  
  25  2:45  Drone  
  25  2:46  Drone x3  
  25  2:50  Drone  
  30  2:54  Queen  
  32  3:01  Overlord  
  32  3:02  Drone  
  32  3:03  Drone  
  34  3:22  Zergling x4  
  34  3:24  Extractor  
  34  3:25  Extractor  
  34  3:26  Queen x2  
  38  3:29  Zergling x2  
  38  3:31  Drone  
  38  3:33  Drone  
  41  3:34  Drone  
  41  3:39  Overlord  
  41  3:40  Drone  
  41  3:55  Drone  
  40  3:56  Overlord  
  40  3:58  Drone x4  
  46  4:07  Drone x4  
  48  4:12  Roach Warren  
  48  4:14  Overlord  
  48  4:15  Overlord  
  47  4:25  Drone x2  
  47  4:27  Overlord  
  49  4:32  Overlord  
  49  4:36  Zergling x10  
  54  4:46  Zergling x2  
  54  4:48  Zergling x4  
  54  4:50  Zergling x2  
  54  4:51  Zergling x2  
  59  4:55  Roach x4  
  59  4:58  Roach  
  59  4:59  Roach  
  71  5:08  Zergling x10  
  71  5:10  Overlord  
  71  5:21  Ravager  
  71  5:22  Ravager x4  
  71  5:23  Zergling x8  
  71  5:28  Zergling x8  
  84  5:35  Overlord x2  
  84  5:41  Zergling x8  
  88  5:49  Zergling x8  
  92  5:56  Zergling x12  
  84  6:11  Drone x6  
  86  6:22  Ravager  
  73  6:33  Drone  
  73  6:34  Drone x10  
  83  6:44  Drone x6  
  82  6:57  Spore Crawler  
  79  7:01  Drone  
  79  7:02  Drone x2  
  79  7:03  Evolution Chamber, Drone x3  
  83  7:15  Drone x9  
  85  7:16  Drone x2  
  85  7:23  Drone x5  
  87  7:37  Drone x8  
  87  7:39  Extractor  
  87  7:40  Extractor  
  93  7:49  Roach x4  
  100  7:55  Zergling x4  
  102  7:59  Overlord  
  102  8:01  Zergling x2  
  103  8:06  Zergling x14  
  96  8:21  Zergling x12  
  96  8:22  Queen x2  
  90  8:27  Zergling x4  
  90  8:31  Zergling x10  
  90  8:39  Roach x7  
  99  8:44  Zergling x4  
  98  8:50  Zergling x2  
Show
View Real Time Build Order
Export as new Build Order

PartinG Protoss - Winner!

Build Orders: 1 Gate Expand 

Get SALT Encoding   

  12  0:01  Probe (Chrono Boost)  
  13  0:11  Probe (Chrono Boost)  
  14  0:18  Pylon  
  14  0:22  Probe (Chrono Boost)  
  15  0:37  Probe (Chrono Boost)  
  15  0:40  Gateway  
  16  0:45  Assimilator  
  16  0:47  Probe (Chrono Boost)  
  17  0:58  Probe (Chrono Boost)  
  18  1:08  Probe (Chrono Boost)  
  19  1:22  Nexus  
  19  1:33  Cybernetics Core  
  19  1:36  Probe (Chrono Boost)  
  20  1:42  Assimilator  
  20  1:47  Probe (Chrono Boost)  
  23  2:00  Probe (Chrono Boost), Pylon  
  22  2:11  Probe (Chrono Boost)  
  22  2:13  Warp Gate  
  23  2:18  Adept  
  23  2:22  Mothership Core (Chrono Boost)  
  27  2:34  Probe (Chrono Boost)  
  28  2:38  Robotics Facility  
  28  2:40  Probe (Chrono Boost)  
  29  2:44  Probe (Chrono Boost)  
  29  2:49  Stalker  
  32  2:52  Probe (Chrono Boost)  
  32  2:55  Probe (Chrono Boost)  
  34  3:03  Pylon  
  34  3:06  Probe (Chrono Boost)  
  34  3:11  Probe (Chrono Boost)  
  36  3:17  Probe (Chrono Boost)  
  37  3:21  Probe (Chrono Boost)  
  38  3:27  Probe (Chrono Boost)  
  38  3:29  Robotics Bay  
  38  3:32  Probe (Chrono Boost)  
  40  3:38  Probe (Chrono Boost)  
  41  3:42  Probe (Chrono Boost)  
  41  3:46  Pylon  
  42  3:50  Probe (Chrono Boost), Warp Prism (Chrono Boost)  
  42  3:51  Probe (Chrono Boost)  
  46  3:59  Pylon  
  46  4:01  Forge  
  44  4:05  Gateway  
  44  4:11  Gateway  
  44  4:12  Probe  
  44  4:14  Probe  
  46  4:18  Disruptor (Chrono Boost)  
  46  4:19  Gravitic Drive (Chrono Boost)  
  49  4:25  Probe  
  49  4:26  Probe  
  49  4:29  Assimilator  
  51  4:32  Assimilator  
  51  4:37  Probe  
  52  4:38  Probe  
  52  4:42  Pylon  
  53  4:46  Protoss Ground Weapons Level 1  
  53  4:48  Sentry  
  53  4:50  Probe x2, Warp Prism  
  57  4:58  Pylon  
  59  5:04  Probe x2  
  61  5:08  Adept x2  
  61  5:11  Adept  
  67  5:24  Probe x2  
  67  5:26  Disruptor  
  67  5:28  Photon Cannon  
  69  5:32  Adept  
  69  5:33  Adept  
  69  5:34  Adept  
  77  5:39  Probe x2  
  79  5:45  Twilight Council  
  79  5:48  Pylon  
  79  5:51  Pylon  
  79  5:55  Sentry  
  79  5:56  Sentry  
  83  6:03  Sentry  
  85  6:07  Disruptor  
  88  6:19  Probe x2  
  90  6:32  Adept  
  90  6:33  Adept x2  
  90  6:36  Nexus  
  90  6:37  Pylon  
  96  6:46  Disruptor  
  96  6:49  Protoss Ground Weapons Level 2 (Chrono Boost)  
  97  6:54  Nexus  
  97  6:56  Pylon  
  97  6:57  Probe x2  
  97  6:58  Pylon  
  99  7:04  Adept  
  99  7:05  Adept x2  
  101  7:09  Probe x2, Blink (Chrono Boost)  
  101  7:11  Photon Cannon  
  97  7:21  Probe  
  97  7:22  Probe  
  97  7:27  Immortal  
  101  7:30  Stalker x3  
  101  7:33  Probe  
  108  7:37  Gateway  
  108  7:38  Gateway  
  108  7:44  Gateway  
  108  7:57  Adept, Assimilator  
  108  7:58  Assimilator  
  110  8:04  Stalker x2  
  114  8:15  Immortal (Chrono Boost)  
  116  8:25  Stalker  
  114  8:28  Stalker x2  
  114  8:31  Probe  
  114  8:33  Probe x2  
  119  8:36  Stalker x2  
  123  8:45  Stalker  
  125  9:01  Nexus  
  125  9:02  Pylon  
  125  9:06  Pylon  
  123  9:12  Stalker x6  

Tags
 
Add a new tag
Caveats
  • Supply blocks, unpowered buildings, or Contaminate may cause inaccurate times.
  • Supply counts are checked every 10 seconds.